Patriotes vs Scraper
(R1)
Created - 1 février 2014 at 19:17
Goals
|
| Patriotes |
2 |
2 |
0 |
4 |
| Scraper |
0 |
2 |
4 |
6 |
|
Shots
|
| Patriotes |
18 |
8 |
7 |
33 |
| Scraper |
5 |
12 |
10 |
27 |
|
1st period
1. Patriotes , Fedor Fedorov 19 (Brock Trotter, Christian Hanson) at 16:13 (PP)
2. Patriotes , Liam Reddox 5 (A.J Thelen, James Wright) at 18:45
Penalties :
Mathieu Dandenault (Out) for Roughing (Double Minor) at 13:26, A.J Thelen (Nyc) for Holding (Minor) at 13:48, Brad Isbister (Out) for Tripping (Minor) at 19:27
2nd period
3. Patriotes , Fedor Fedorov 20 (Christian Hanson, Ben Guite) at 2:24 (PP)
4. Patriotes , T.J Galiardi 19 (Cory Emmerton, Ryan Wilson) at 9:08
5. Scraper , Steven Stamkos 29 (Brad Isbister) at 16:39
6. Scraper , Raffi Torres 1 (Bryan Allen, Riley Armstrong) at 16:59
Penalties :
Michael Del Zotto (Out) for Holding (Minor) at 2:18, Eric Gryba (Out) for Hooking (Minor) at 4:03, Cameron Gaunce (Nyc) for Roughing (Minor) at 6:35, Raffi Torres (Out) for Fighting (Major) at 9:43, T.J Galiardi (Nyc) for Fighting (Major) at 9:43, T.J Galiardi (Nyc) for instigated a fight (Minor) at 9:43, T.J Galiardi (Nyc) for instigated a fight (10 Minutes Misconduct) at 9:43, Ilkka Heikkinen (Out) for Fighting (Major) at 11:53, James Wright (Nyc) for Fighting (Major) at 11:53
3rd period
7. Scraper , Brad Isbister 2 (Petr Sykora, Steven Stamkos) at 1:01
8. Scraper , Brad Isbister 3 (Steven Stamkos) at 6:46
9. Scraper , Steven Stamkos 30 (Aaron Ward, Tyler Ennis) at 13:28
10. Scraper , Tyler Ennis 36 (Aaron Ward) at 18:20
Penalties :
Brett Skinner (Nyc) for High sticking (Minor) at 1:04, Cameron Gaunce (Nyc) for Tripping (Minor) at 6:49, Brock Trotter (Nyc) for Tripping (Minor) at 9:37, Aaron Ward (Out) for Holding (Minor) at 15:02
Goalie Stats
Joey MacDonald (Nyc), 21 saves from 27 shots - (0,778), L, 13-11-4, 60:00 minutes
Jason LaBarbera (Out), 29 saves from 33 shots - (0,879), W, 1-0-0, 60:00 minutes
Players Stats for Patriotes
Player Name G A P +/- PIM S H SB GA TA FO MP PP MP PK MP
------------------------------------------------------------------------------------
A.J Thelen 0 1 1 -2 2 5 3 1 0 0 0/0 27:55 3:51 6:01
Andreas Nodl 0 0 0 -2 0 3 2 0 1 0 0/1 19:44 2:45 4:57
Ben Guite 0 1 1 -1 0 4 2 0 0 0 5/11 24:02 3:38 4:56
Brett Skinner 0 0 0 -1 2 2 4 1 0 1 0/0 27:50 3:52 4:46
Brock Trotter 0 1 1 -3 2 3 0 0 0 0 1/1 14:24 0:22 1:32
Cameron Gaunce 0 0 0 -2 4 0 0 0 0 1 0/0 12:15 0:00 1:26
Christian Hanson 0 2 2 -1 0 1 1 0 0 0 14/28 22:03 4:04 3:16
Cory Emmerton 0 1 1 -2 0 1 1 0 0 0 1/8 13:28 2:42 0:00
Davis Drewiske 0 0 0 0 0 0 2 1 1 2 0/0 19:49 2:59 3:29
Fedor Fedorov 2 0 2 -1 0 7 4 0 0 1 2/3 21:13 4:04 2:53
James Wright 0 1 1 0 5 0 0 0 0 0 0/4 8:39 0:00 0:06
Jared Boll 0 0 0 -1 0 1 1 0 0 0 0/0 9:31 0:02 2:01
Joe Charlebois 0 0 0 -2 0 1 1 1 0 1 0/0 12:41 0:09 0:56
Lauri Tukonen 0 0 0 -1 0 2 1 0 0 0 1/1 10:17 0:05 0:00
Liam Reddox 1 0 1 0 0 1 0 0 0 0 1/1 6:52 0:00 0:09
Ryan White 0 0 0 0 0 0 0 0 0 0 0/1 6:16 0:00 0:00
Ryan Wilson 0 1 1 -1 0 1 1 1 0 0 0/0 20:01 2:59 3:12
T.J Galiardi 1 0 1 0 17 1 0 0 1 1 0/0 10:59 2:42 0:00
Players Stats for Scraper
Player Name G A P +/- PIM S H SB GA TA FO MP PP MP PK MP
------------------------------------------------------------------------------------
Aaron Voros 0 0 0 0 0 0 0 0 0 0 0/0 1:10 0:00 1:10
Aaron Ward 0 2 2 4 2 2 1 0 3 0 0/0 28:41 6:05 2:26
Andre Petersson 0 0 0 0 0 0 0 0 0 1 0/0 6:41 0:00 0:00
Ben Eager 0 0 0 -1 0 1 0 0 0 0 3/3 12:49 1:02 0:01
Brad Isbister 2 1 3 4 2 4 3 0 0 1 1/1 16:08 4:30 1:10
Bryan Allen 0 1 1 4 0 1 2 0 0 0 0/0 29:01 6:05 3:21
Eric Gryba 0 0 0 1 2 0 5 0 0 0 0/0 18:33 3:50 2:30
Ilkka Heikkinen 0 0 0 1 5 0 2 1 0 0 0/0 18:08 3:50 3:30
Jamie Benn 0 0 0 0 0 0 0 0 0 0 0/0 0:00 0:00 0:00
Jerome Flaake 0 0 0 0 0 0 0 0 0 0 0/0 0:00 0:00 0:00
Jerome Samson 0 0 0 -1 0 1 0 0 0 0 0/1 9:36 0:08 0:00
Joe Finley 0 0 0 -1 0 0 0 1 0 0 0/0 13:42 0:00 1:55
Logan Couture 0 0 0 -1 0 0 0 0 1 0 2/5 12:22 0:00 2:17
Mathieu Dandenault 0 0 0 1 4 1 1 1 0 0 1/6 23:10 5:17 3:23
Michael Del Zotto 0 0 0 -1 2 0 1 1 0 0 0/0 12:06 0:00 0:00
Petr Sykora 0 1 1 4 0 1 2 2 0 0 0/0 16:39 4:30 1:47
Raffi Torres 1 0 1 1 5 2 3 1 0 0 2/3 23:06 4:08 3:54
Riley Armstrong 0 1 1 1 0 7 0 0 2 0 15/30 19:39 5:17 0:00
Roman Cervenka 0 0 0 0 0 0 2 0 0 0 2/2 6:41 0:00 0:00
Steven Stamkos 2 2 4 4 0 4 2 0 0 1 7/7 14:27 4:30 0:00
Tyler Ennis 1 1 2 0 0 3 0 0 1 0 1/1 8:24 0:23 0:00
Vinny Saponari 0 0 0 0 0 0 0 0 0 0 0/0 0:00 0:00 0:00
3 Stars
1 - Steven Stamkos (Out)
2 - Brad Isbister (Out)
3 - Fedor Fedorov (Nyc)
Power Play
Patriotes - 2 on 6 Attempt(s) - 33,33%
Scraper - 0 on 6 Attempt(s) - 0,00%
Penalty Kill
Patriotes - 6 on 6 Attempt(s) - 100,00%
- Score 0 goal in Penalty Kill
Scraper - 4 on 6 Attempt(s) - 66,67%
- Score 0 goal in Penalty Kill
Official
Referees : Leggo Mike and Hebert Ghislain
Linesman : Ryan Galloway and Vaughan Rody
Game Notes
T.J Galiardi beats up Raffi Torres at 9:43 of 2nd period
Ilkka Heikkinen beats up James Wright at 11:53 of 2nd period
Finance
Level 1 -- Attendance: 1526 (76,30%) -- Ticket Income 61 040 $
Level 2 -- Attendance: 797 (79,70%) -- Ticket Income 15 940 $
Total Attendance: 2323 (77,43%)
Total Ticket Income: 76 980 $
Other Income: 3 849 $
Total Income: 80 829 $
Patriotes
5 vs 5 Forward
Center Left Wing Right Wing Time % Phy DF OF
1 Christian Hanson Fedor Fedorov Ben Guite 40 1 2 2
2 Cory Emmerton T.J Galiardi Andreas Nodl 30 1 2 2
3 James Wright Brock Trotter Lauri Tukonen 20 1 2 2
4 Ryan White Liam Reddox Jared Boll 10 1 2 2
5 vs 5 Defense
Defense Defense Time % Phy DF OF
1 A.J Thelen Brett Skinner 40 1 2 2
2 Davis Drewiske Ryan Wilson 30 1 2 2
3 Joe Charlebois Cameron Gaunce 20 1 2 2
4 A.J Thelen Brett Skinner 10 1 2 2
PowerPlay Forward
Center Left Wing Right Wing Time % Phy DF OF
1 Christian Hanson Fedor Fedorov Ben Guite 60 1 2 2
2 Cory Emmerton T.J Galiardi Andreas Nodl 40 1 2 2
PowerPlay Defense
Defense Defense Time % Phy DF OF
1 A.J Thelen Brett Skinner 60 1 2 2
2 Davis Drewiske Ryan Wilson 40 1 2 2
Penalty Kill 4 Players Forward
Center Wing Time % Phy DF OF
1 Ben Guite Andreas Nodl 60 1 2 2
2 Christian Hanson Fedor Fedorov 40 1 2 2
Penalty Kill 4 Players Defense
Defense Defense Time % Phy DF OF
1 A.J Thelen Brett Skinner 60 1 2 2
2 Davis Drewiske Ryan Wilson 40 1 2 2
Penalty Kill - 3 Players Forward
Forward Time % Phy DF OF
1 Ben Guite 60 1 2 2
2 Andreas Nodl 40 1 2 2
Penalty Kill - 3 Players Defense
Defense Defense Time % Phy DF OF
1 A.J Thelen Brett Skinner 60 1 2 2
2 Davis Drewiske Ryan Wilson 40 1 2 2
4 vs 4 Forward
Center Wing Time % Phy DF OF
1 Ben Guite Andreas Nodl 60 1 2 2
2 Christian Hanson Fedor Fedorov 40 1 2 2
4 vs 4 Defense
Defense Defense Time % Phy DF OF
1 A.J Thelen Brett Skinner 60 1 2 2
2 Davis Drewiske Ryan Wilson 40 1 2 2
Last Minutes Offensive
Center Left Wing Right Wing Defense Defense
Christian Hanson Fedor Fedorov Ben Guite A.J Thelen Brett Skinner
Last Minutes Defensive
Center Left Wing Right Wing Defense Defense
Christian Hanson Fedor Fedorov Ben Guite A.J Thelen Brett Skinner
Goaltenders
Starting : Joey MacDonald
Backup : Jason Missiaen
Extra Forwards
Normal : Brock Trotter, Lauri Tukonen, Jared Boll - PP : Brock Trotter, Lauri Tukonen - PK : Jared Boll
Extra Defensemen
Normal : Joe Charlebois, Cameron Gaunce, Davis Drewiske - PP : Joe Charlebois - PK : Cameron Gaunce, Davis Drewiske
Penalty Shots
Ben Guite, Andreas Nodl, Christian Hanson, Fedor Fedorov, Cory Emmerton
Scraper
5 vs 5 Forward
Center Left Wing Right Wing Time % Phy DF OF
1 Riley Armstrong Raffi Torres Mathieu Dandenault 40 1 2 2
2 Steven Stamkos Brad Isbister Petr Sykora 30 1 2 2
3 Logan Couture Ben Eager Jerome Samson 20 1 2 2
4 Roman Cervenka Tyler Ennis Andre Petersson 10 1 2 2
5 vs 5 Defense
Defense Defense Time % Phy DF OF
1 Aaron Ward Bryan Allen 40 1 2 2
2 Ilkka Heikkinen Eric Gryba 30 1 2 2
3 Michael Del Zotto Joe Finley 20 1 2 2
4 Aaron Ward Bryan Allen 10 1 2 2
PowerPlay Forward
Center Left Wing Right Wing Time % Phy DF OF
1 Riley Armstrong Raffi Torres Mathieu Dandenault 60 1 2 2
2 Steven Stamkos Brad Isbister Petr Sykora 40 1 2 2
PowerPlay Defense
Defense Defense Time % Phy DF OF
1 Aaron Ward Bryan Allen 60 1 2 2
2 Ilkka Heikkinen Eric Gryba 40 1 2 2
Penalty Kill 4 Players Forward
Center Wing Time % Phy DF OF
1 Mathieu Dandenault Raffi Torres 60 1 2 2
2 Petr Sykora Brad Isbister 40 1 2 2
Penalty Kill 4 Players Defense
Defense Defense Time % Phy DF OF
1 Aaron Ward Bryan Allen 60 1 2 2
2 Ilkka Heikkinen Eric Gryba 40 1 2 2
Penalty Kill - 3 Players Forward
Forward Time % Phy DF OF
1 Mathieu Dandenault 60 1 2 2
2 Raffi Torres 40 1 2 2
Penalty Kill - 3 Players Defense
Defense Defense Time % Phy DF OF
1 Aaron Ward Bryan Allen 60 1 2 2
2 Ilkka Heikkinen Eric Gryba 40 1 2 2
4 vs 4 Forward
Center Wing Time % Phy DF OF
1 Mathieu Dandenault Raffi Torres 60 1 2 2
2 Petr Sykora Brad Isbister 40 1 2 2
4 vs 4 Defense
Defense Defense Time % Phy DF OF
1 Aaron Ward Bryan Allen 60 1 2 2
2 Ilkka Heikkinen Eric Gryba 40 1 2 2
Last Minutes Offensive
Center Left Wing Right Wing Defense Defense
Riley Armstrong Raffi Torres Mathieu Dandenault Aaron Ward Bryan Allen
Last Minutes Defensive
Center Left Wing Right Wing Defense Defense
Riley Armstrong Raffi Torres Mathieu Dandenault Aaron Ward Bryan Allen
Goaltenders
Starting : Jason LaBarbera
Backup : Sebastien Caron
Extra Forwards
Normal : Ben Eager, Tyler Ennis, Logan Couture - PP : Ben Eager, Tyler Ennis - PK : Logan Couture
Extra Defensemen
Normal : Michael Del Zotto, Joe Finley, Ilkka Heikkinen - PP : Michael Del Zotto - PK : Joe Finley, Ilkka Heikkinen
Penalty Shots
Mathieu Dandenault, Raffi Torres, Petr Sykora, Brad Isbister, Riley Armstrong
% Time on Ice - Patriotes
Lines # - Real PCT - Wanted PCT - Time Play
Normal Forward
1 - 37% - 40% - 15:11
2 - 27% - 30% - 11:13
3 - 21% - 20% - 8:35
4 - 15% - 10% - 6:16
Normal Defense
1 - 41% - 40% - 16:43
2 - 32% - 30% - 13:04
3 - 26% - 20% - 10:35
4 - 2% - 10% - 0:53
PP Forward
1 - 54% - 60% - 3:40
2 - 46% - 40% - 3:11
PP Defense
1 - 56% - 60% - 3:52
2 - 44% - 40% - 2:59
PK Forward
1 - 75% - 60% - 7:24
2 - 25% - 40% - 2:31
PK Defense
1 - 68% - 60% - 6:43
2 - 32% - 40% - 3:12
PK3 Forward
1 - 0% - 60%
2 - 0% - 40%
PK3 Defense
1 - 0% - 60%
2 - 0% - 40%
44 Forward
1 - 73% - 60% - 1:27
2 - 27% - 40% - 0:32
44 Defense
1 - 61% - 60% - 1:13
2 - 39% - 40% - 0:46
Last Minute Offensive - 0:00
Last Minute Defensive - 0:00
Total
Forward - 60:00
Defense - 60:00
|
% Time on Ice - Scraper
Lines # - Real PCT - Wanted PCT - Time Play
Normal Forward
1 - 37% - 40% - 15:10
2 - 25% - 30% - 10:11
3 - 22% - 20% - 9:13
4 - 16% - 10% - 6:41
Normal Defense
1 - 43% - 40% - 17:46
2 - 28% - 30% - 11:40
3 - 27% - 20% - 11:03
4 - 2% - 10% - 0:46
PP Forward
1 - 54% - 60% - 5:22
2 - 46% - 40% - 4:33
PP Defense
1 - 61% - 60% - 6:05
2 - 39% - 40% - 3:50
PK Forward
1 - 74% - 60% - 5:04
2 - 26% - 40% - 1:47
PK Defense
1 - 58% - 60% - 3:58
2 - 42% - 40% - 2:53
PK3 Forward
1 - 0% - 60%
2 - 0% - 40%
PK3 Defense
1 - 0% - 60%
2 - 0% - 40%
44 Forward
1 - 91% - 60% - 1:48
2 - 9% - 40% - 0:11
44 Defense
1 - 71% - 60% - 1:25
2 - 29% - 40% - 0:34
Last Minute Offensive - 0:00
Last Minute Defensive - 0:00
Total
Forward - 60:00
Defense - 60:00
|
Play by Play
1st period
0:01 of 1st period - Christian Hanson wins face-off versus Riley Armstrong in neutral zone.
0:04 of 1st period - Bryan Allen is hit by Brett Skinner and loses puck.
0:50 of 1st period - Ryan Wilson is hit by Ilkka Heikkinen and loses puck.
1:09 of 1st period - Joe Charlebois is hit by Roman Cervenka and loses puck.
1:22 of 1st period - Wrist shot by Tyler Ennis.
1:22 of 1st period - Stopped by Joey MacDonald with a rebound.
2:28 of 1st period - Wrist shot by Andreas Nodl.
2:28 of 1st period - Shot Misses the Net.
2:30 of 1st period - Slapshot by Joe Charlebois.
2:30 of 1st period - Stopped by Jason LaBarbera without a rebound.
2:31 of 1st period - Roman Cervenka wins face-off versus Christian Hanson in Scraper zone.
2:37 of 1st period - Off-side.
2:38 of 1st period - Fedor Fedorov wins face-off versus Riley Armstrong in neutral zone.
2:41 of 1st period - Bryan Allen is hit by Christian Hanson and loses puck.
3:27 of 1st period - Eric Gryba is hit by Ryan Wilson and loses puck.
3:56 of 1st period - A.J Thelen is hit by Eric Gryba and loses puck.
4:29 of 1st period - Snap shot by Christian Hanson.
4:29 of 1st period - Shot Misses the Net.
4:31 of 1st period - Slapshot by Brett Skinner.
4:31 of 1st period - Deflect By Tyler Ennis.
4:31 of 1st period - Stopped by Jason LaBarbera with a rebound.
4:33 of 1st period - Backhand shot by Fedor Fedorov.
4:33 of 1st period - Stopped by Jason LaBarbera with a rebound.
4:35 of 1st period - Snap shot by Ben Guite.
4:35 of 1st period - Stopped by Jason LaBarbera with a rebound.
4:37 of 1st period - Backhand shot by A.J Thelen.
4:37 of 1st period - Stopped by Jason LaBarbera without a rebound.
4:38 of 1st period - Riley Armstrong wins face-off versus James Wright in Scraper zone.
4:44 of 1st period - Off-side.
4:45 of 1st period - Riley Armstrong wins face-off versus James Wright in neutral zone.
5:24 of 1st period - Ben Guite is hit by Bryan Allen and loses puck.
6:05 of 1st period - Snap shot by Jared Boll.
6:05 of 1st period - Shot Misses the Net.
6:27 of 1st period - Lauri Tukonen is hit by Roman Cervenka and loses puck.
6:52 of 1st period - Snap shot by Lauri Tukonen.
6:52 of 1st period - Stopped by Jason LaBarbera without a rebound.
6:53 of 1st period - Riley Armstrong wins face-off versus Christian Hanson in Scraper zone.
6:53 of 1st period - Riley Armstrong is hit by Fedor Fedorov.
7:01 of 1st period - Wrist shot by Christian Hanson.
7:01 of 1st period - Stopped by Jason LaBarbera without a rebound.
7:02 of 1st period - Christian Hanson wins face-off versus Riley Armstrong in Scraper zone.
7:11 of 1st period - Wrist shot by Raffi Torres.
7:11 of 1st period - Shot Misses the Net.
7:17 of 1st period - Slapshot by Ben Guite.
7:17 of 1st period - Shot Misses the Net.
7:19 of 1st period - Wrist shot by Fedor Fedorov.
7:19 of 1st period - Stopped by Jason LaBarbera with a rebound.
7:21 of 1st period - Wrist shot by Ben Guite.
7:21 of 1st period - Stopped by Jason LaBarbera with a rebound.
7:23 of 1st period - Wrist shot by Fedor Fedorov.
7:23 of 1st period - Stopped by Jason LaBarbera without a rebound.
7:24 of 1st period - Steven Stamkos wins face-off versus Cory Emmerton in Scraper zone.
7:29 of 1st period - Brett Skinner is hit by Petr Sykora and loses puck.
7:34 of 1st period - Snap shot by Steven Stamkos.
7:34 of 1st period - Deflect By Petr Sykora.
7:34 of 1st period - Stopped by Joey MacDonald with a rebound.
7:49 of 1st period - Ben Eager is hit by Fedor Fedorov and loses puck.
8:58 of 1st period - Slapshot by Petr Sykora.
8:58 of 1st period - Shot Misses the Net.
9:18 of 1st period - Wrist shot by Christian Hanson.
9:18 of 1st period - Shot Blocked by Ilkka Heikkinen.
9:22 of 1st period - Snap shot by Fedor Fedorov.
9:22 of 1st period - Stopped by Jason LaBarbera without a rebound.
9:23 of 1st period - Christian Hanson wins face-off versus Logan Couture in Scraper zone.
9:24 of 1st period - Wrist shot by Fedor Fedorov.
9:24 of 1st period - Stopped by Jason LaBarbera with a rebound.
10:18 of 1st period - Snap shot by Steven Stamkos.
10:18 of 1st period - Stopped by Joey MacDonald with a rebound.
11:18 of 1st period - Icing by Brett Skinner.
11:19 of 1st period - Cory Emmerton wins face-off versus Riley Armstrong in Patriotes zone.
11:32 of 1st period - Wrist shot by Cory Emmerton.
11:32 of 1st period - Shot Misses the Net.
11:34 of 1st period - Slapshot by A.J Thelen.
11:34 of 1st period - Shot Blocked by Michael Del Zotto.
12:10 of 1st period - Slapshot by Andreas Nodl.
12:10 of 1st period - Stopped by Jason LaBarbera without a rebound.
12:11 of 1st period - Steven Stamkos wins face-off versus Christian Hanson in Scraper zone.
12:38 of 1st period - Icing by Lauri Tukonen.
12:39 of 1st period - Lauri Tukonen wins face-off versus Logan Couture in Patriotes zone.
13:00 of 1st period - Off-side.
13:01 of 1st period - Raffi Torres wins face-off versus Christian Hanson in neutral zone.
13:04 of 1st period - Snap shot by Raffi Torres.
13:04 of 1st period - Stopped by Joey MacDonald without a rebound.
13:05 of 1st period - Ben Guite wins face-off versus Riley Armstrong in Patriotes zone.
13:26 of 1st period - Double Minor Penalty to Mathieu Dandenault for Roughing.
13:27 of 1st period - Logan Couture wins face-off versus Christian Hanson in Scraper zone.
13:48 of 1st period - Minor Penalty to A.J Thelen for Holding.
13:49 of 1st period - Ben Eager wins face-off versus Ben Guite in Patriotes zone.
13:50 of 1st period - Snap shot by Raffi Torres.
13:50 of 1st period - Shot Blocked by Joe Charlebois.
13:59 of 1st period - Off-side.
14:00 of 1st period - Ben Eager wins face-off versus Ben Guite in neutral zone.
14:03 of 1st period - Snap shot by Raffi Torres.
14:03 of 1st period - Deflect By Ben Eager.
14:03 of 1st period - Shot Misses the Net.
14:03 of 1st period - Puck is out of play.
14:04 of 1st period - Ben Eager wins face-off versus Andreas Nodl in Patriotes zone.
14:40 of 1st period - Off-side.
14:41 of 1st period - Tyler Ennis wins face-off versus Christian Hanson in neutral zone.
14:44 of 1st period - Davis Drewiske is hit by Ilkka Heikkinen and loses puck.
15:48 of 1st period - Penalty to A.J Thelen is over, A.J Thelen is back on ice.
15:55 of 1st period - Joe Charlebois is hit by Eric Gryba and loses puck.
16:02 of 1st period - Eric Gryba is hit by Brett Skinner and loses puck.
16:11 of 1st period - Wrist shot by Brock Trotter.
16:11 of 1st period - Stopped by Jason LaBarbera with a rebound.
16:13 of 1st period - Wrist shot by Fedor Fedorov.
16:13 of 1st period - Goal by Fedor Fedorov - Patriotes : 1 - Scraper : 0.
16:14 of 1st period - Steven Stamkos wins face-off versus Cory Emmerton in neutral zone.
16:23 of 1st period - Snap shot by Steven Stamkos.
16:23 of 1st period - Stopped by Joey MacDonald with a rebound.
16:39 of 1st period - Davis Drewiske is hit by Raffi Torres and loses puck.
17:08 of 1st period - Wrist shot by Brock Trotter.
17:08 of 1st period - Deflect By Lauri Tukonen.
17:08 of 1st period - Stopped by Jason LaBarbera with a rebound.
18:09 of 1st period - Snap shot by Ben Guite.
18:09 of 1st period - Shot Misses the Net.
18:43 of 1st period - Snap shot by A.J Thelen.
18:43 of 1st period - Stopped by Jason LaBarbera with a rebound.
18:45 of 1st period - Slapshot by Liam Reddox.
18:45 of 1st period - Goal by Liam Reddox - Patriotes : 2 - Scraper : 0.
18:46 of 1st period - Raffi Torres wins face-off versus Christian Hanson in neutral zone.
19:27 of 1st period - Minor Penalty to Brad Isbister for Tripping.
19:28 of 1st period - Christian Hanson wins face-off versus Mathieu Dandenault in Scraper zone.
Goals for this period are 2 for Patriotes vs 0 for Scraper.
Shots for this period are 18 for Patriotes vs 5 for Scraper.
2nd period
0:01 of 2nd period - Christian Hanson wins face-off versus Raffi Torres in neutral zone.
0:40 of 2nd period - Petr Sykora is hit by Andreas Nodl and loses puck.
1:27 of 2nd period - Penalty to Brad Isbister is over, Brad Isbister is back on ice.
1:59 of 2nd period - Ben Eager is hit by Jared Boll and loses puck.
2:10 of 2nd period - Slapshot by Jared Boll.
2:10 of 2nd period - Shot Misses the Net.
2:18 of 2nd period - Minor Penalty to Michael Del Zotto for Holding.
2:19 of 2nd period - Christian Hanson wins face-off versus Mathieu Dandenault in Scraper zone.
2:22 of 2nd period - Wrist shot by Christian Hanson.
2:22 of 2nd period - Shot Blocked by Mathieu Dandenault.
2:24 of 2nd period - Wrist shot by Fedor Fedorov.
2:24 of 2nd period - Goal by Fedor Fedorov - Patriotes : 3 - Scraper : 0.
2:25 of 2nd period - Riley Armstrong wins face-off versus Christian Hanson in neutral zone.
2:28 of 2nd period - Christian Hanson is hit by Raffi Torres and loses puck.
2:35 of 2nd period - Aaron Ward is hit by Brett Skinner and loses puck.
2:50 of 2nd period - Aaron Ward is hit by A.J Thelen and loses puck.
3:27 of 2nd period - Joe Charlebois is hit by Brad Isbister and loses puck.
3:42 of 2nd period - Slapshot by Ben Eager.
3:42 of 2nd period - Stopped by Joey MacDonald without a rebound.
3:43 of 2nd period - Christian Hanson wins face-off versus Jerome Samson in Patriotes zone.
4:03 of 2nd period - Minor Penalty to Eric Gryba for Hooking.
4:04 of 2nd period - Christian Hanson wins face-off versus Mathieu Dandenault in Scraper zone.
4:18 of 2nd period - Slapshot by Mathieu Dandenault.
4:18 of 2nd period - Stopped by Joey MacDonald with a rebound.
4:30 of 2nd period - Raffi Torres is hit by A.J Thelen.
4:40 of 2nd period - Brad Isbister is hit by Brett Skinner.
4:50 of 2nd period - Wrist shot by Brad Isbister.
4:50 of 2nd period - Shot Blocked by A.J Thelen.
6:03 of 2nd period - Penalty to Eric Gryba is over, Eric Gryba is back on ice.
6:24 of 2nd period - Snap shot by Tyler Ennis.
6:24 of 2nd period - Stopped by Joey MacDonald without a rebound.
6:25 of 2nd period - Roman Cervenka wins face-off versus James Wright in Patriotes zone.
6:35 of 2nd period - Minor Penalty to Cameron Gaunce for Roughing.
6:36 of 2nd period - Ben Guite wins face-off versus Riley Armstrong in Patriotes zone.
8:35 of 2nd period - Penalty to Cameron Gaunce is over, Cameron Gaunce is back on ice.
9:08 of 2nd period - Wrist shot by T.J Galiardi.
9:08 of 2nd period - Goal by T.J Galiardi - Patriotes : 4 - Scraper : 0.
9:09 of 2nd period - Christian Hanson wins face-off versus Mathieu Dandenault in neutral zone.
9:22 of 2nd period - Snap shot by Ben Guite.
9:22 of 2nd period - Stopped by Jason LaBarbera without a rebound.
9:23 of 2nd period - Steven Stamkos wins face-off versus Fedor Fedorov in Scraper zone.
9:28 of 2nd period - Slapshot by Bryan Allen.
9:28 of 2nd period - Stopped by Joey MacDonald with a rebound.
9:38 of 2nd period - Wrist shot by Ben Guite.
9:38 of 2nd period - Deflect By Petr Sykora.
9:38 of 2nd period - Shot Blocked by Petr Sykora.
9:38 of 2nd period - Puck is out of play.
9:39 of 2nd period - Riley Armstrong wins face-off versus Cory Emmerton in Scraper zone.
9:43 of 2nd period - T.J Galiardi beats up Raffi Torres.
9:43 of 2nd period - Penalty to Raffi Torres for Fighting.
9:43 of 2nd period - Penalty to T.J Galiardi for Fighting.
9:43 of 2nd period - Penalty to T.J Galiardi for instigated a fight.
9:43 of 2nd period - Penalty to T.J Galiardi for instigated a fight.
9:44 of 2nd period - Ben Guite wins face-off versus Riley Armstrong in neutral zone.
10:09 of 2nd period - Ben Guite is hit by Brad Isbister and loses puck.
10:18 of 2nd period - Wrist shot by Steven Stamkos.
10:18 of 2nd period - Shot Misses the Net.
11:14 of 2nd period - Icing by Brad Isbister.
11:15 of 2nd period - Steven Stamkos wins face-off versus Ben Guite in Scraper zone.
11:43 of 2nd period - Penalty to T.J Galiardi is over, Jared Boll is send on ice.
11:53 of 2nd period - Ilkka Heikkinen beats up James Wright.
11:53 of 2nd period - Penalty to Ilkka Heikkinen for Fighting.
11:53 of 2nd period - Penalty to James Wright for Fighting.
11:54 of 2nd period - Riley Armstrong wins face-off versus Christian Hanson in neutral zone.
11:56 of 2nd period - Off-side.
11:57 of 2nd period - Fedor Fedorov wins face-off versus Riley Armstrong in neutral zone.
12:04 of 2nd period - Slapshot by A.J Thelen.
12:04 of 2nd period - Stopped by Jason LaBarbera with a rebound.
12:06 of 2nd period - Snap shot by Fedor Fedorov.
12:06 of 2nd period - Shot Misses the Net.
12:32 of 2nd period - Wrist shot by Brad Isbister.
12:32 of 2nd period - Stopped by Joey MacDonald without a rebound.
12:33 of 2nd period - Riley Armstrong wins face-off versus Christian Hanson in Patriotes zone.
13:47 of 2nd period - Snap shot by Logan Couture.
13:47 of 2nd period - Shot Misses the Net.
13:49 of 2nd period - Slapshot by Aaron Ward.
13:49 of 2nd period - Stopped by Joey MacDonald with a rebound.
14:04 of 2nd period - Lauri Tukonen is hit by Eric Gryba and loses puck.
14:22 of 2nd period - Cameron Gaunce is hit by Eric Gryba and loses puck.
14:42 of 2nd period - Aaron Ward is hit by Ben Guite and loses puck.
15:08 of 2nd period - Snap shot by Riley Armstrong.
15:08 of 2nd period - Shot Misses the Net.
15:10 of 2nd period - Snap shot by Riley Armstrong.
15:10 of 2nd period - Stopped by Joey MacDonald with a rebound.
15:20 of 2nd period - Tyler Ennis is hit by Cory Emmerton and loses puck.
15:45 of 2nd period - Ben Guite is hit by Steven Stamkos and loses puck.
16:04 of 2nd period - Wrist shot by Riley Armstrong.
16:04 of 2nd period - Stopped by Joey MacDonald with a rebound.
16:10 of 2nd period - Mathieu Dandenault is hit by Fedor Fedorov and loses puck.
16:25 of 2nd period - Wrist shot by Ben Guite.
16:25 of 2nd period - Shot Misses the Net.
16:31 of 2nd period - Slapshot by A.J Thelen.
16:31 of 2nd period - Stopped by Jason LaBarbera without a rebound.
16:32 of 2nd period - Brad Isbister wins face-off versus Cory Emmerton in Scraper zone.
16:39 of 2nd period - Snap shot by Steven Stamkos.
16:39 of 2nd period - Goal by Steven Stamkos - Patriotes : 4 - Scraper : 1.
16:40 of 2nd period - Riley Armstrong wins face-off versus Cory Emmerton in neutral zone.
16:47 of 2nd period - Wrist shot by Riley Armstrong.
16:47 of 2nd period - Stopped by Joey MacDonald without a rebound.
16:48 of 2nd period - Riley Armstrong wins face-off versus Cory Emmerton in Patriotes zone.
16:51 of 2nd period - Slapshot by Mathieu Dandenault.
16:51 of 2nd period - Shot Misses the Net.
16:53 of 2nd period - Snap shot by Riley Armstrong.
16:53 of 2nd period - Stopped by Joey MacDonald with a rebound.
16:55 of 2nd period - Snap shot by Raffi Torres.
16:55 of 2nd period - Shot Misses the Net.
16:57 of 2nd period - Slapshot by Bryan Allen.
16:57 of 2nd period - Shot Misses the Net.
16:59 of 2nd period - Snap shot by Raffi Torres.
16:59 of 2nd period - Goal by Raffi Torres - Patriotes : 4 - Scraper : 2.
17:00 of 2nd period - Riley Armstrong wins face-off versus Christian Hanson in neutral zone.
17:07 of 2nd period - A.J Thelen is hit by Bryan Allen and loses puck.
17:26 of 2nd period - Petr Sykora is hit by Andreas Nodl and loses puck.
17:33 of 2nd period - Snap shot by Andreas Nodl.
17:33 of 2nd period - Stopped by Jason LaBarbera with a rebound.
17:58 of 2nd period - Wrist shot by Jared Boll.
17:58 of 2nd period - Stopped by Jason LaBarbera with a rebound.
18:00 of 2nd period - Slapshot by Jared Boll.
18:00 of 2nd period - Shot Misses the Net.
18:36 of 2nd period - Eric Gryba is hit by Fedor Fedorov and loses puck.
18:57 of 2nd period - Snap shot by Brad Isbister.
18:57 of 2nd period - Shot Blocked by Brett Skinner.
18:59 of 2nd period - Slapshot by Joe Finley.
18:59 of 2nd period - Shot Misses the Net.
19:43 of 2nd period - 10 Minutes Game Misconduct Penalty to T.J Galiardi is over.
19:58 of 2nd period - Wrist shot by Cory Emmerton.
19:58 of 2nd period - Stopped by Jason LaBarbera with a rebound.
Goals for this period are 2 for Patriotes vs 2 for Scraper.
Shots for this period are 8 for Patriotes vs 12 for Scraper.
3rd period
0:01 of 3rd period - Christian Hanson wins face-off versus Riley Armstrong in neutral zone.
0:04 of 3rd period - Slapshot by Brett Skinner.
0:04 of 3rd period - Deflect By Ben Guite.
0:04 of 3rd period - Stopped by Jason LaBarbera without a rebound.
0:05 of 3rd period - Christian Hanson wins face-off versus Riley Armstrong in Scraper zone.
0:13 of 3rd period - Off-side.
0:14 of 3rd period - Riley Armstrong wins face-off versus Ben Guite in neutral zone.
0:42 of 3rd period - Bryan Allen is hit by Davis Drewiske and loses puck.
0:47 of 3rd period - Snap shot by Raffi Torres.
0:47 of 3rd period - Shot Misses the Net.
0:53 of 3rd period - Snap shot by Riley Armstrong.
0:53 of 3rd period - Stopped by Joey MacDonald without a rebound.
0:54 of 3rd period - Steven Stamkos wins face-off versus Christian Hanson in Patriotes zone.
0:59 of 3rd period - Slapshot by Petr Sykora.
0:59 of 3rd period - Shot Misses the Net.
1:01 of 3rd period - Snap shot by Brad Isbister.
1:01 of 3rd period - Goal by Brad Isbister - Patriotes : 4 - Scraper : 3.
1:02 of 3rd period - Christian Hanson wins face-off versus Riley Armstrong in neutral zone.
1:04 of 3rd period - Minor Penalty to Brett Skinner for High sticking.
1:05 of 3rd period - Ben Guite wins face-off versus Riley Armstrong in Patriotes zone.
1:21 of 3rd period - Snap shot by Aaron Ward.
1:21 of 3rd period - Deflect By Ben Guite.
1:21 of 3rd period - Stopped by Joey MacDonald with a rebound.
1:31 of 3rd period - Brad Isbister is hit by Ben Guite.
3:01 of 3rd period - Brad Isbister is hit by Joe Charlebois and loses puck.
3:04 of 3rd period - Penalty to Brett Skinner is over, Brett Skinner is back on ice.
3:08 of 3rd period - Brock Trotter is hit by Petr Sykora and loses puck.
3:23 of 3rd period - Wrist shot by Ben Eager.
3:23 of 3rd period - Shot Misses the Net.
5:07 of 3rd period - Snap shot by Brock Trotter.
5:07 of 3rd period - Shot Blocked by Raffi Torres.
5:09 of 3rd period - Wrist shot by Brock Trotter.
5:09 of 3rd period - Shot Misses the Net.
5:31 of 3rd period - Joe Finley is hit by Davis Drewiske and loses puck.
5:50 of 3rd period - Slapshot by Ben Eager.
5:50 of 3rd period - Deflect By Jerome Samson.
5:50 of 3rd period - Stopped by Joey MacDonald with a rebound.
6:07 of 3rd period - Brett Skinner is hit by Eric Gryba and loses puck.
6:39 of 3rd period - Cory Emmerton is hit by Steven Stamkos and loses puck.
6:44 of 3rd period - Snap shot by Brad Isbister.
6:44 of 3rd period - Stopped by Joey MacDonald with a rebound.
6:46 of 3rd period - Snap shot by Brad Isbister.
6:46 of 3rd period - Goal by Brad Isbister - Patriotes : 4 - Scraper : 4.
6:47 of 3rd period - Ben Guite wins face-off versus Mathieu Dandenault in neutral zone.
6:49 of 3rd period - Minor Penalty to Cameron Gaunce for Tripping.
6:50 of 3rd period - Riley Armstrong wins face-off versus Ben Guite in Patriotes zone.
7:06 of 3rd period - Wrist shot by Riley Armstrong.
7:06 of 3rd period - Stopped by Joey MacDonald with a rebound.
8:49 of 3rd period - Penalty to Cameron Gaunce is over, Cameron Gaunce is back on ice.
9:07 of 3rd period - Snap shot by Ryan White.
9:07 of 3rd period - Shot Misses the Net.
9:27 of 3rd period - Snap shot by Tyler Ennis.
9:27 of 3rd period - Shot Blocked by Davis Drewiske.
9:29 of 3rd period - Slapshot by Joe Finley.
9:29 of 3rd period - Shot Misses the Net.
9:31 of 3rd period - Slapshot by Tyler Ennis.
9:31 of 3rd period - Shot Misses the Net.
9:37 of 3rd period - Minor Penalty to Brock Trotter for Tripping.
9:38 of 3rd period - Riley Armstrong wins face-off versus Ben Guite in Patriotes zone.
9:47 of 3rd period - Snap shot by Raffi Torres.
9:47 of 3rd period - Shot Hit the Post.
10:17 of 3rd period - Wrist shot by Christian Hanson.
10:17 of 3rd period - Shot Misses the Net.
11:09 of 3rd period - Mathieu Dandenault is hit by A.J Thelen and loses puck.
11:17 of 3rd period - A.J Thelen is hit by Mathieu Dandenault and loses puck.
11:37 of 3rd period - Penalty to Brock Trotter is over, Brock Trotter is back on ice.
11:41 of 3rd period - Icing by Christian Hanson.
11:42 of 3rd period - Liam Reddox wins face-off versus Logan Couture in Patriotes zone.
12:01 of 3rd period - Backhand shot by Ryan Wilson.
12:01 of 3rd period - Stopped by Jason LaBarbera with a rebound.
12:03 of 3rd period - Wrist shot by Brock Trotter.
12:03 of 3rd period - Deflect By Liam Reddox.
12:03 of 3rd period - Shot Blocked by Joe Finley.
12:03 of 3rd period - Puck is out of play.
12:04 of 3rd period - Steven Stamkos wins face-off versus Cory Emmerton in Scraper zone.
12:15 of 3rd period - Wrist shot by Cory Emmerton.
12:15 of 3rd period - Shot Blocked by Petr Sykora.
12:17 of 3rd period - Wrist shot by T.J Galiardi.
12:17 of 3rd period - Shot Misses the Net.
13:08 of 3rd period - Snap shot by Andreas Nodl.
13:08 of 3rd period - Stopped by Jason LaBarbera with a rebound.
13:10 of 3rd period - Slapshot by A.J Thelen.
13:10 of 3rd period - Stopped by Jason LaBarbera with a rebound.
13:26 of 3rd period - Snap shot by Aaron Ward.
13:26 of 3rd period - Shot Blocked by Ryan Wilson.
13:28 of 3rd period - Wrist shot by Steven Stamkos.
13:28 of 3rd period - Goal by Steven Stamkos - Patriotes : 4 - Scraper : 5.
13:29 of 3rd period - Christian Hanson wins face-off versus Riley Armstrong in neutral zone.
13:34 of 3rd period - Slapshot by Brett Skinner.
13:34 of 3rd period - Stopped by Jason LaBarbera without a rebound.
13:35 of 3rd period - Christian Hanson wins face-off versus Riley Armstrong in Scraper zone.
13:40 of 3rd period - Slapshot by Christian Hanson.
13:40 of 3rd period - Shot Misses the Net.
14:39 of 3rd period - James Wright is hit by Raffi Torres and loses puck.
14:44 of 3rd period - Wrist shot by Riley Armstrong.
14:44 of 3rd period - Stopped by Joey MacDonald without a rebound.
14:45 of 3rd period - Riley Armstrong wins face-off versus Christian Hanson in Patriotes zone.
15:02 of 3rd period - Minor Penalty to Aaron Ward for Holding.
15:03 of 3rd period - Mathieu Dandenault wins face-off versus Christian Hanson in Scraper zone.
17:02 of 3rd period - Penalty to Aaron Ward is over, Aaron Ward is back on ice.
17:31 of 3rd period - Ben Guite is hit by Brad Isbister and loses puck.
18:04 of 3rd period - Cameron Gaunce is hit by Michael Del Zotto and loses puck.
18:15 of 3rd period - Jared Boll is hit by Aaron Ward and loses puck.
18:20 of 3rd period - Slapshot by Tyler Ennis.
18:20 of 3rd period - Goal by Tyler Ennis - Patriotes : 4 - Scraper : 6.
18:21 of 3rd period - Logan Couture wins face-off versus Ryan White in neutral zone.
18:34 of 3rd period - Snap shot by Liam Reddox.
18:34 of 3rd period - Deflect By Jared Boll.
18:34 of 3rd period - Shot Misses the Net.
18:34 of 3rd period - Puck is out of play.
18:35 of 3rd period - Riley Armstrong wins face-off versus James Wright in Scraper zone.
18:35 of 3rd period - Riley Armstrong is hit by Lauri Tukonen.
18:51 of 3rd period - Slapshot by Brock Trotter.
18:51 of 3rd period - Stopped by Jason LaBarbera with a rebound.
19:38 of 3rd period - Snap shot by Brock Trotter.
19:38 of 3rd period - Stopped by Jason LaBarbera without a rebound.
19:39 of 3rd period - Brock Trotter wins face-off versus Riley Armstrong in Scraper zone.
Goals for this period are 0 for Patriotes vs 4 for Scraper.
Shots for this period are 7 for Patriotes vs 10 for Scraper.
Output by the SimonT Hockey Simulator (STHS) for François Prévost -- Original Page W3C XHTML 1.0 Valid